Warning! The script has encountered some errors when parsing the replay. Please report them to the . » details
0x00, prev: 0x16: 16 02 01 00 50 74 00 00 0A EC 17 00 [00] 00 00 00 00 00 00 00 00 00 00 00 00 00 00 00 00 00 00 00 00 00 00 00 00 00
0x00, prev: 0x00: 16 02 01 00 50 74 00 00 0A EC 17 00 00 00 00 00 00 00 00 00 00 00 00 00 00 00 00 00 00 00 00 00 00 00 00 00 [00] 00
0x00, prev: 0x01: 16 02 0A 00 2D 5E 00 00 8D F8 00 00 09 61 00 00 4E 61 09 00 C8 1E 00 00 3A 44 08 00 4C 28 00 00 A8 C0 07 00 6A 2B 00 00 FE 47 09 00 FF 2C 00 00 D4 47 09 00 91 68 00 00 C1 A4 09 00 50 78 00 00 A8 47 09 00 D6 79 00 00 83 C0 07 00 81 80 00 00 5E C0 07 00 00 00 00 00 00 00 00 00 00 00 00 00 00 00 00 00 00 00 00 00 00 00 00 00 01 [00]
0x00, prev: 0x02: 16 02 01 00 C5 75 00 00 FE DC 02 00 00 00 00 00 00 00 00 00 00 00 00 00 00 00 00 00 00 00 00 00 00 00 00 00 02 [00] 02 1F 00 12 00 00 03 00 0D 00 FF FF FF FF FF FF FF FF 4E 9D 76 C5 0C 6C C7 C5 FF FF FF FF FF FF FF FF
0x0D, prev: 0x00: 16 02 08 00 2D 5E 00 00 8D F8 00 00 09 61 00 00 4E 61 09 00 4C 28 00 00 A8 C0 07 00 D1 49 00 00 F9 95 0C 00 E2 63 00 00 42 6D 0D 00 6C 6F 00 00 1F CB 0C 00 D6 79 00 00 83 C0 07 00 81 80 00 00 5E C0 07 00 00 00 00 00 00 00 00 00 00 00 00 00 00 00 00 00 00 00 00 00 00 00 00 00 [0D] 00
0x0C, prev: 0x00: 16 02 01 00 19 53 00 00 6E 27 0C 00 00 00 00 00 00 00 00 00 00 00 00 00 00 00 00 00 00 00 00 00 00 00 00 00 [0C] 00
0x0A, prev: 0x00: 16 02 01 00 C2 6C 00 00 3A 65 12 00 00 00 00 00 00 00 00 00 00 00 00 00 00 00 00 00 00 00 00 00 00 00 00 00 [0A] 00 02 03 00 18 01 03
General information
- name: BNet
- type: Ladder team game (AT/RT)
- host: Battle.net
- saver: BLOODMAGE.COM
map: MarketSquare
- players: 8
- length: 91:06
- speed: Fast
- version: 1.23 W3XP
- replay type: Public
» download(424 KB)
Players
team 1 (winner)
BLOODMAGE.COM (
teal | 80 APM | 7164 actions | 89:30)
10 Pandaren Brewmaster
3 Breath of Fire
3 Drunken Haze
1 Storm Earth and Fire
3 Drunken Brawler
9 Blood Mage
3 Flame Strike
3 Siphon Mana
1 Summon Phoenix
2 Banish
» actions
| Assign group hotkey | 135 | |
| Basic commands | 46 | |
| Build / train | 162 | |
| ESC pressed | 13 | |
| Enter build submenu | 76 | |
| Enter hero's abilities submenu | 20 | |
| Give item / drop item | 4 | |
| Right click | 2903 | |
| Select / deselect | 793 | |
| Select group hotkey | 2205 | |
| Use ability | 807 | |
7164 total
» units
| Peasant | 43 | |
| Gryphon Rider | 7 | |
| Flying Machine | 8 | |
| Sorceress | 1 | |
| Rogue | 1 | |
60 total
» upgrades
| Masonry | 3 | |
| Storm Hammers | 1 | |
| Swords | 3 | |
| Flak Cannons | 1 | |
| Gunpowder | 1 | |
| Sorceress Training | 1 | |
| Magic Sentry | 1 | |
11 total
» buildings
| Lumber Mill | 1 | |
| Scout Tower | 68 | |
| Farm | 10 | |
| Guard Tower | 26 | |
| Altar of Kings | 2 | |
| Town Hall | 5 | |
| Keep | 1 | |
| Arcane Vault | 3 | |
| Castle | 1 | |
| Gryphon Aviary | 3 | |
| Blacksmith | 1 | |
| Workshop | 3 | |
| Arcane Sanctum | 1 | |
125 total
» build order
00:12 Lumber Mill
00:55 Scout Tower
00:59 Farm
01:08 Guard Tower
01:15 Scout Tower
01:35 Guard Tower
01:36 Scout Tower
01:49 Guard Tower
01:52 Scout Tower
02:14 Altar of Kings
02:41 Guard Tower
04:11 Farm
04:12 Farm
04:14 Farm
06:06 Town Hall
06:09 Scout Tower
06:10 Scout Tower
06:19 Scout Tower
06:20 Scout Tower
06:21 Scout Tower
06:21 Scout Tower
07:01 Guard Tower
07:11 Guard Tower
08:38 Scout Tower
08:41 Scout Tower
08:43 Scout Tower
08:44 Scout Tower
08:47 Scout Tower
08:48 Scout Tower
08:54 Guard Tower
09:21 Guard Tower
09:34 Guard Tower
09:41 Guard Tower
09:51 Guard Tower
10:08 Guard Tower
10:46 Keep
11:14 Arcane Vault
11:16 Arcane Vault
11:20 Scout Tower
11:21 Scout Tower
11:21 Scout Tower
11:32 Scout Tower
11:32 Scout Tower
11:33 Scout Tower
11:34 Scout Tower
11:35 Scout Tower
12:37 Guard Tower
13:19 Castle
13:21 Guard Tower
14:02 Gryphon Aviary
14:03 Gryphon Aviary
14:05 Gryphon Aviary
14:12 Farm
14:13 Farm
14:14 Farm
14:15 Farm
14:15 Farm
14:15 Farm
14:49 Guard Tower
19:50 Blacksmith
21:12 Workshop
21:41 Workshop
21:46 Workshop
22:57 Scout Tower
22:57 Scout Tower
22:58 Scout Tower
22:59 Scout Tower
23:22 Arcane Vault
23:28 Guard Tower
27:47 Guard Tower
28:16 Scout Tower
28:17 Scout Tower
28:18 Scout Tower
28:18 Scout Tower
28:19 Scout Tower
28:20 Scout Tower
28:20 Scout Tower
29:27 Guard Tower
29:57 Scout Tower
29:58 Scout Tower
29:59 Scout Tower
29:59 Scout Tower
30:02 Scout Tower
30:03 Scout Tower
30:04 Scout Tower
30:05 Scout Tower
30:42 Guard Tower
31:47 Guard Tower
35:41 Arcane Sanctum
36:05 Town Hall
42:59 Altar of Kings
44:25 Scout Tower
44:26 Scout Tower
44:27 Scout Tower
44:28 Scout Tower
45:25 Guard Tower
45:27 Scout Tower
45:29 Scout Tower
45:30 Scout Tower
45:32 Scout Tower
45:33 Scout Tower
45:33 Scout Tower
46:18 Guard Tower
46:34 Guard Tower
48:10 Guard Tower
53:25 Town Hall
53:55 Scout Tower
53:57 Scout Tower
54:55 Guard Tower
59:19 Town Hall
63:22 Town Hall
» items
| Boots of Speed | 2 | |
| Staff of Teleportation | 2 | |
| Scroll of Town Portal | 16 | |
| Lesser Clarity Potion | 4 | |
| Scroll of Regeneration | 4 | |
| Potion of Mana | 1 | |
| Potion of Healing | 2 | |
| Ivory Tower | 3 | |
| Scroll of Healing | 3 | |
| Rod of Necromancy | 1 | |
| Orb of Corruption | 1 | |
| Staff of Sanctuary | 2 | |
41 total

»
like_a_rockstar (
pink | 25 APM | 599 actions | 23:49)
2 Shadow Hunter
1 Healing Wave
1 Hex
» actions
| Basic commands | 69 | |
| Build / train | 43 | |
| Enter build submenu | 19 | |
| Enter hero's abilities submenu | 2 | |
| Remove unit from queue | 1 | |
| Right click | 251 | |
| Select / deselect | 178 | |
| Use ability | 36 | |
599 total
» units
» upgrades
| Armor | 1 | |
| Ranged Weapons | 1 | |
| Envenomed Spears | 1 | |
3 total
» buildings
| Altar of Storms | 3 | |
| Orc Burrow | 7 | |
| Barracks | 1 | |
| Stronghold | 1 | |
| War Mill | 1 | |
| Voodoo Lounge | 1 | |
| Fortress | 1 | |
| Beastiary | 2 | |
| Great Hall | 2 | |
19 total
» build order
00:07 Altar of Storms
00:14 Orc Burrow
00:20 Barracks
02:02 Orc Burrow
03:24 Orc Burrow
05:46 Stronghold
05:52 Orc Burrow
05:56 War Mill
06:41 Voodoo Lounge
06:49 Orc Burrow
08:22 Fortress
08:28 Beastiary
09:25 Beastiary
10:03 Great Hall
15:48 Great Hall
19:05 Orc Burrow
20:53 Altar of Storms
22:18 Altar of Storms
22:21 Orc Burrow
» items
| Healing Salve | 1 | |
| Scroll of Speed | 1 | |
2 total

»
Shaker (
blue | 44 APM | 1104 actions | 24:57)
5 Pit Lord
2 Rain of Fire
3 Howl of Terror
» actions
| Assign group hotkey | 1 | |
| Build / train | 57 | |
| Enter build submenu | 22 | |
| Enter hero's abilities submenu | 5 | |
| Remove unit from queue | 3 | |
| Right click | 465 | |
| Select / deselect | 462 | |
| Select group hotkey | 5 | |
| Use ability | 84 | |
1104 total
» units
| Acolyte | 5 | |
| Ghoul | 7 | |
| Meatwagon | 6 | |
| Necromancer | 9 | |
| Obsidian Statue | 2 | |
| Abomination | 1 | |
30 total
» upgrades
| Unholy Armor | 2 | |
| Unholy Strength | 3 | |
| Exhume Corpses | 1 | |
| Necromancer Training | 2 | |
| Skeletal Longevity | 1 | |
| Skeletal Mastery | 1 | |
| Disease Cloud | 1 | |
11 total
» buildings
| Crypt | 1 | |
| Ziggurat | 15 | |
| Graveyard | 1 | |
| Altar of Darkness | 1 | |
| Halls of the Dead | 1 | |
| Tomb of Relics | 1 | |
| Slaughterhouse | 1 | |
| Temple of the Damned | 1 | |
| Spirit Tower | 2 | |
| Sacrificial Pit | 1 | |
| Black Citadel | 1 | |
| Boneyard | 1 | |
27 total
» build order
00:23 Crypt
00:29 Ziggurat
00:59 Graveyard
01:08 Altar of Darkness
01:15 Ziggurat
02:00 Ziggurat
03:19 Halls of the Dead
03:23 Tomb of Relics
04:34 Ziggurat
05:40 Ziggurat
05:42 Slaughterhouse
05:44 Temple of the Damned
07:14 Spirit Tower
07:16 Spirit Tower
08:26 Ziggurat
08:40 Sacrificial Pit
10:38 Ziggurat
10:44 Ziggurat
11:09 Black Citadel
15:05 Ziggurat
15:33 Spirit Tower
17:39 Ziggurat
17:40 Ziggurat
18:04 Ziggurat
18:05 Ziggurat
18:08 Ziggurat
18:10 Ziggurat
22:24 Boneyard
» items
| Scroll of Town Portal | 1 | |
| Potion of Healing | 1 | |
| Potion of Mana | 1 | |
3 total
Ponee (
purple | 31 APM | 997 actions | 32:02)
4 Goblin Tinker
2 Cluster Rockets
2 Pocket Factory
» actions
| Basic commands | 27 | |
| Build / train | 73 | |
| Enter build submenu | 20 | |
| Enter hero's abilities submenu | 4 | |
| Remove unit from queue | 1 | |
| Right click | 318 | |
| Select / deselect | 481 | |
| Use ability | 73 | |
997 total
» units
| Peasant | 8 | |
| Footman | 9 | |
| Rifleman | 12 | |
| Gryphon Rider | 15 | |
| Forest Troll High Priest | 1 | |
45 total
» upgrades
| Masonry | 2 | |
| Swords | 2 | |
| Gunpowder | 1 | |
| Armor | 1 | |
| Storm Hammers | 1 | |
7 total
» buildings
| Farm | 15 | |
| Barracks | 1 | |
| Altar of Kings | 2 | |
| Blacksmith | 1 | |
| Scout Tower | 11 | |
| Lumber Mill | 1 | |
| Guard Tower | 4 | |
| Keep | 1 | |
| Arcane Vault | 1 | |
| Workshop | 1 | |
| Cannon Tower | 1 | |
| Castle | 1 | |
| Gryphon Aviary | 2 | |
42 total
» build order
00:10 Farm
00:11 Farm
00:48 Barracks
03:01 Altar of Kings
03:08 Altar of Kings
05:49 Blacksmith
05:54 Scout Tower
05:55 Scout Tower
05:56 Scout Tower
05:58 Scout Tower
06:25 Lumber Mill
07:41 Guard Tower
07:56 Farm
08:00 Farm
08:02 Farm
08:03 Farm
08:04 Farm
08:05 Farm
08:12 Farm
08:14 Farm
08:15 Farm
08:16 Farm
08:17 Farm
08:18 Guard Tower
08:23 Keep
08:55 Farm
08:56 Farm
09:44 Arcane Vault
11:41 Scout Tower
11:42 Scout Tower
11:43 Scout Tower
12:21 Guard Tower
14:38 Workshop
15:08 Scout Tower
15:10 Scout Tower
15:11 Scout Tower
15:13 Scout Tower
15:47 Cannon Tower
17:15 Guard Tower
17:51 Castle
19:39 Gryphon Aviary
19:46 Gryphon Aviary
» items
| Orb of Lightning | 1 | |
| Ivory Tower | 6 | |
| Scroll of Town Portal | 1 | |
8 total
team 2 (loser)

»
NeW-HuMaN (
red | 114 APM | 8765 actions | 77:01)
9 Blademaster
3 Wind Walk
3 Critical Strike
1 Bladestorm
2 Mirror Image
1 Warden
1 Blink
» actions
| Assign group hotkey | 117 | |
| Basic commands | 1 | |
| Build / train | 155 | |
| ESC pressed | 5 | |
| Enter build submenu | 26 | |
| Enter hero's abilities submenu | 11 | |
| Give item / drop item | 2 | |
| Remove unit from queue | 1 | |
| Right click | 5485 | |
| Select / deselect | 701 | |
| Select group hotkey | 2020 | |
| Use ability | 239 | |
8765 total
» units
| Peon | 52 | |
| Grunt | 15 | |
| Demolisher | 19 | |
| Raider | 17 | |
| Troll Batrider | 6 | |
| Wind Rider | 5 | |
114 total
» upgrades
| Ensnare | 1 | |
| Berserker Strength | 1 | |
| Pillage | 1 | |
| Burning Oil | 1 | |
| Reinforced Defenses | 1 | |
| Liquid Fire | 1 | |
| Envenomed Spears | 1 | |
| War Drums Damage Increase | 1 | |
8 total
» buildings
| Altar of Storms | 1 | |
| Orc Burrow | 15 | |
| Barracks | 2 | |
| Voodoo Lounge | 2 | |
| Stronghold | 1 | |
| War Mill | 1 | |
| Beastiary | 3 | |
| Fortress | 1 | |
26 total
» build order
00:13 Altar of Storms
00:18 Orc Burrow
01:08 Barracks
01:41 Voodoo Lounge
02:04 Orc Burrow
04:37 Stronghold
05:40 Orc Burrow
05:49 War Mill
07:39 Beastiary
07:41 Beastiary
08:18 Orc Burrow
09:47 Fortress
10:44 Orc Burrow
11:38 Orc Burrow
15:51 Orc Burrow
21:50 Orc Burrow
21:52 Orc Burrow
21:56 Orc Burrow
23:22 Orc Burrow
27:53 Voodoo Lounge
29:11 Beastiary
29:39 Barracks
30:39 Orc Burrow
37:21 Orc Burrow
37:24 Orc Burrow
» items
| Scroll of Speed | 1 | |
| Lesser Clarity Potion | 5 | |
| Healing Salve | 4 | |
| Potion of Healing | 4 | |
| Scroll of Town Portal | 1 | |
| Orb of Lightning | 1 | |
| Tiny Great Hall | 2 | |
18 total

»
Led-Zeppelin (
orange | 44 APM | 2553 actions | 58:23)
9 Warden
3 Fan of Knives
3 Shadow Strike
1 Spirit of Vengeance
2 Blink
» actions
| Assign group hotkey | 44 | |
| Basic commands | 3 | |
| Build / train | 103 | |
| Enter build submenu | 24 | |
| Enter hero's abilities submenu | 10 | |
| Give item / drop item | 13 | |
| Remove unit from queue | 6 | |
| Right click | 1246 | |
| Select / deselect | 532 | |
| Select group hotkey | 443 | |
| Use ability | 128 | |
2553 total
» units
| Wisp | 24 | |
| Archer | 30 | |
| Hippogryph | 14 | |
68 total
» upgrades
| Strength of the Moon | 3 | |
| Moon Armor | 3 | |
| Improved Bows | 1 | |
| Hippogryph Taming | 1 | |
| Marksmanship | 1 | |
| Strength of the Wild | 2 | |
| Reinforced Hides | 2 | |
| Well Spring | 1 | |
14 total
» buildings
| Altar of Elders | 1 | |
| Moon Well | 14 | |
| Ancient of War | 1 | |
| Hunter's Hall | 1 | |
| Ancient Protector | 2 | |
| Tree of Ages | 1 | |
| Ancient of Wind | 2 | |
| Tree of Eternity | 1 | |
| Tree of Life | 2 | |
25 total
» build order
00:06 Altar of Elders
00:08 Moon Well
00:13 Ancient of War
00:17 Moon Well
02:11 Moon Well
04:12 Hunter's Hall
04:16 Moon Well
04:19 Moon Well
06:33 Ancient Protector
06:35 Ancient Protector
06:38 Moon Well
06:53 Tree of Ages
08:24 Moon Well
09:20 Ancient of Wind
09:26 Ancient of Wind
16:08 Tree of Eternity
20:37 Moon Well
20:39 Moon Well
23:22 Moon Well
30:00 Tree of Life
43:40 Tree of Life
» items
whitemintmocha (
green | 9 APM | 804 actions | 87:07)
5 Priestess of the Moon
3 Searing Arrows
2 Trueshot Aura
» actions
| Assign group hotkey | 1 | |
| Basic commands | 27 | |
| Build / train | 12 | |
| Enter build submenu | 3 | |
| Enter hero's abilities submenu | 5 | |
| Right click | 459 | |
| Select / deselect | 84 | |
| Select group hotkey | 175 | |
| Use ability | 38 | |
804 total
» units
» buildings
| Moon Well | 2 | |
| Altar of Elders | 1 | |
3 total
» build order
00:10 Moon Well
00:14 Altar of Elders
01:25 Moon Well

»
MOHAMED_BOMB (
yellow | 31 APM | 2777 actions | 89:29)
10 Death Knight
3 Death Coil
3 Unholy Aura
1 Animate Dead
3 Death Pact
» actions
| Basic commands | 1 | |
| Build / train | 92 | |
| Enter build submenu | 20 | |
| Enter hero's abilities submenu | 10 | |
| Remove unit from queue | 1 | |
| Right click | 2186 | |
| Select / deselect | 365 | |
| Use ability | 102 | |
2777 total
» units
| Acolyte | 26 | |
| Crypt Fiend | 13 | |
| Ghoul | 3 | |
| Frost Wyrm | 19 | |
| Peon | 1 | |
62 total
» upgrades
| Creature Attack | 3 | |
| Creature Carapace | 3 | |
| Web | 1 | |
| Freezing Breath | 1 | |
| Burrow | 1 | |
9 total
» buildings
| Ziggurat | 10 | |
| Altar of Darkness | 1 | |
| Graveyard | 1 | |
| Crypt | 2 | |
| Halls of the Dead | 1 | |
| Black Citadel | 1 | |
| Sacrificial Pit | 1 | |
| Boneyard | 2 | |
19 total
» build order
00:08 Ziggurat
00:16 Altar of Darkness
00:22 Graveyard
01:13 Crypt
01:40 Crypt
01:57 Ziggurat
04:48 Halls of the Dead
06:17 Ziggurat
07:10 Black Citadel
07:26 Sacrificial Pit
07:40 Ziggurat
09:33 Boneyard
09:39 Boneyard
11:00 Ziggurat
11:12 Ziggurat
14:01 Ziggurat
14:27 Ziggurat
14:31 Ziggurat
63:50 Ziggurat
» items
| Scroll of Speed | 2 | |
| Lesser Clarity Potion | 2 | |
| Scroll of Town Portal | 2 | |
| Orb of Lightning | 1 | |
7 total
Chat log
(00:07 / Allies) BLOODMAGE.COM: tower rushing
(00:13 / Allies) Shaker: pit lord
(00:17 / Allies) Ponee: yea sir
(00:23 / Allies) BLOODMAGE.COM: if u guys get tavern hero here
(00:25 / Allies) BLOODMAGE.COM: it would help
(00:26 / Allies) Ponee: tinker
(01:18 / Allies) BLOODMAGE.COM: wood gold?
(01:33 / Allies) BLOODMAGE.COM: get tavern hero there
(02:30 / Allies) Ponee: i want tinker
(02:34 / Allies) BLOODMAGE.COM: get him then
(03:14 / Allies) Shaker: market
(03:31 / Allies) Shaker: teal market
(04:02 / Allies) Shaker: necro
(04:12 / Allies) Shaker: altar fast
(04:22 / Allies) BLOODMAGE.COM: make units now all
(04:43 / Allies) BLOODMAGE.COM: anyone gor spare wood?
(04:44 / Allies) BLOODMAGE.COM: for expo
(04:53 / Allies) Shaker: market
(04:58 / Allies) BLOODMAGE.COM: what does that mean
(05:09 / Allies) BLOODMAGE.COM: back to towers
(05:22 / Allies) BLOODMAGE.COM: tay b
(05:24 / Allies) BLOODMAGE.COM: sta bg
(06:47 / Allies) BLOODMAGE.COM: back to my base
(06:52 / Allies) BLOODMAGE.COM: lure him to milta
(07:21 / Allies) Shaker: halp
(09:03 / Allies) BLOODMAGE.COM: keep the pressure on if they all back from ur side
(10:00 / Allies) BLOODMAGE.COM: tp if they hit me pls
(10:01 / Allies) BLOODMAGE.COM: games not over
(10:50 / Allies) Shaker: gold plz teal
(12:00 / Allies) BLOODMAGE.COM: b
(12:01 / Allies) Shaker: b teal
(12:03 / Allies) Shaker: purp
(12:08 / Allies) Ponee: yea
(12:44 / Allies) BLOODMAGE.COM: BACK
(12:45 / Allies) BLOODMAGE.COM: TO
(12:46 / Allies) BLOODMAGE.COM: TOWERS
(12:47 / Allies) BLOODMAGE.COM: COMPRENDE?
(13:31 / Allies) Shaker: 2 sec need upgrade for aa
(13:59 / Allies) Shaker: pink tp
(14:04 / Allies) Shaker: aa ok nice
(14:23 / Allies) BLOODMAGE.COM: no clue why u guysa all teched to the weakest units in teh gmae
(14:36 / Allies) BLOODMAGE.COM: "hey its 4v3, we already won... .ill make some joke units:"
(15:03 / Allies) BLOODMAGE.COM: tower up
(15:05 / Allies) BLOODMAGE.COM: and back into ur base
(15:18 / Allies) Shaker: crap am solo
(15:23 / Allies) BLOODMAGE.COM: diont tower there
(15:24 / Allies) BLOODMAGE.COM: its food
(15:26 / Allies) BLOODMAGE.COM: abandon it
(15:44 / Allies) BLOODMAGE.COM: if ur base is dead
(15:46 / Allies) BLOODMAGE.COM: feed me gold
(15:48 / Allies) BLOODMAGE.COM: for gryphs
(15:52 / Allies) Shaker: me ?
(15:57 / Allies) BLOODMAGE.COM: whoever has a dead base
(15:58 / Allies) BLOODMAGE.COM: that person
(16:00 / Allies) Ponee: pink
(16:15 / Allies) BLOODMAGE.COM: back way in
(16:16 / Allies) BLOODMAGE.COM: and mass raise
(17:01 / Allies) BLOODMAGE.COM: stay b
(17:02 / Allies) BLOODMAGE.COM: dont get lured
(17:06 / Allies) BLOODMAGE.COM: like a bitch whore trash idiot noob
(17:29 / Allies) Ponee: im kights
(17:40 / Allies) Ponee: as sone as i get gold
(17:43 / Allies) BLOODMAGE.COM: knights vs wyrms and hipps
(17:44 / Allies) BLOODMAGE.COM: gopod play
(18:20 / All) NeW-HuMaN: MAH
(18:21 / All) NeW-HuMaN: MH
(18:23 / All) NeW-HuMaN: U FUCKERD
(18:26 / All) BLOODMAGE.COM: ITS DAYTIME
(18:31 / All) BLOODMAGE.COM: U EXPO RIGHT NEXT TO ALL OF US
(18:39 / All) NeW-HuMaN: MH
(19:12 / Allies) Ponee: go
(19:20 / Allies) BLOODMAGE.COM: we need
(19:21 / Allies) BLOODMAGE.COM: mass aa
(19:22 / Allies) BLOODMAGE.COM: not knights
(19:24 / Allies) BLOODMAGE.COM: ok?
(19:29 / Allies) BLOODMAGE.COM: MASS AA
(19:30 / Allies) BLOODMAGE.COM: ONLY AA
(19:33 / Allies) BLOODMAGE.COM: NOT A SINGLE MELEE UNIT
(19:33 / Allies) Ponee: fine
(19:48 / Allies) Shaker: teal
(19:56 / Allies) BLOODMAGE.COM: no
(19:58 / Allies) BLOODMAGE.COM: that will be a feed
(20:01 / Allies) BLOODMAGE.COM: a major feed suicide
(20:05 / Allies) Shaker: come ....
(20:10 / Allies) BLOODMAGE.COM: come suicide?
(20:11 / Allies) BLOODMAGE.COM: no
(20:17 / Allies) like_a_rockstar: a lil wood plz
(20:35 / Allies) like_a_rockstar: thx
(21:02 / Allies) BLOODMAGE.COM: gonna hit and run orc base
(21:04 / Allies) BLOODMAGE.COM: dont follow
(22:43 / Allies) BLOODMAGE.COM: i said aa
(22:45 / Allies) BLOODMAGE.COM: not 1200 gold
(22:48 / Allies) BLOODMAGE.COM: we cant pay them to give up
(22:50 / Allies) BLOODMAGE.COM: they wont agree to it
(23:22 / Allies) BLOODMAGE.COM: dont suicid3w
(23:30 / All) Shaker: fucking noob purp and pink
(23:39 / Allies) like_a_rockstar: ?
(24:54 / All) whitemintmocha: gg
(24:56 / All) Shaker: GG noob team
(24:59 / All) BLOODMAGE.COM: gg
(24:59 / All) NeW-HuMaN: gg
(25:01 / All) BLOODMAGE.COM: 1v4
(28:11 / Allies) Ponee: good luck
(41:53 / All) BLOODMAGE.COM: gg
(41:57 / All) NeW-HuMaN: fuck u
(41:59 / All) NeW-HuMaN: noob
(42:01 / All) BLOODMAGE.COM: rofl
(42:15 / All) NeW-HuMaN: lol
(44:15 / All) NeW-HuMaN: o man
(44:19 / All) NeW-HuMaN: taht phoenix
(44:21 / All) NeW-HuMaN: is gay
(45:01 / All) NeW-HuMaN: of course
(46:05 / All) BLOODMAGE.COM: rat this game 1-10
(46:07 / All) BLOODMAGE.COM: i give it a 10
(46:17 / All) NeW-HuMaN: i give it -10
(46:18 / All) NeW-HuMaN: ..
(46:20 / All) NeW-HuMaN: so many noobs
(46:22 / All) NeW-HuMaN: -.-
(50:38 / All) BLOODMAGE.COM: this is the most manner game ive ever plauyed
(50:39 / All) BLOODMAGE.COM: ;_;
(54:43 / All) BLOODMAGE.COM: DETONATE IT
(56:11 / All) NeW-HuMaN: gj on hacking phoenix
(56:22 / All) BLOODMAGE.COM: ty
(57:21 / All) NeW-HuMaN: PFFFFFFFFFF
(59:11 / All) NeW-HuMaN: nice hack
(59:44 / All) BLOODMAGE.COM: lol yellow u are the dumbest hackers since id ont know what
(62:51 / All) NeW-HuMaN: invulnerable
(62:53 / All) NeW-HuMaN: Lol
(65:50 / All) NeW-HuMaN: ROFL
(65:52 / All) NeW-HuMaN: NICE HACK
(66:35 / All) BLOODMAGE.COM: win or lose... we all foought well today
(66:43 / All) NeW-HuMaN: jsut leave
(66:44 / All) NeW-HuMaN: ..
(66:46 / All) NeW-HuMaN: hacker
(68:48 / All) NeW-HuMaN: hacker
(68:50 / All) NeW-HuMaN: goddamit
(68:50 / All) NeW-HuMaN: wtf
(68:52 / All) BLOODMAGE.COM: i got crits son
(76:30 / All) NeW-HuMaN: of course
(76:32 / All) NeW-HuMaN: avery1
(76:38 / All) NeW-HuMaN: won with hacked phoenix
(76:39 / All) NeW-HuMaN: ..
(77:00 / All) MOHAMED_BOMB: bye loser
(79:35 / All) MOHAMED_BOMB: how teal?
(79:48 / All) BLOODMAGE.COM: and 1
(82:27 / All) MOHAMED_BOMB: nice hack
(82:31 / All) BLOODMAGE.COM: u jealous?
(82:44 / All) MOHAMED_BOMB: why?
(82:52 / All) BLOODMAGE.COM: when i didnt have it i was jealous
(83:22 / All) BLOODMAGE.COM: this would be harder if u used ur warden
(83:23 / All) BLOODMAGE.COM: rofl
(85:13 / All) BLOODMAGE.COM: up until bm died i was amazed u guys werent winning already
(85:41 / All) BLOODMAGE.COM: i guess micro matters in 4v4 rt sometimes
(86:42 / All) MOHAMED_BOMB: where r ur honnor?
(89:18 / All) BLOODMAGE.COM: i cant believe my allies left
(89:21 / All) BLOODMAGE.COM: we were doing so well!